 Dungeon Crawl Stone Soup version 0.27-a0-1557-g57f10a385c (webtiles) character file.

Game seed: 1448252927243747443

4792 nyamberluvr69 the Fighter (level 10, -13/93 HPs)
             Began as a Palentonga Berserker on July 15, 2021.
             Was an Elder of Trog.
             Mangled by an orc knight (34 damage)
             ... in a bailey.
             The game lasted 00:22:59 (9977 turns).

nyamberluvr69 the Fighter (Palentonga Berserker)    Turns: 9977, Time: 00:23:02

Health: -13/93     AC: 20    Str: 23    XL:     10   Next: 24%
Magic:  10/10      EV:  6    Int: 13    God:    Trog [****..]
Gold:   195        SH:  0    Dex:  9    Spells: 9/9 levels left

rFire    . . .     SeeInvis +   t - +0 flail
rCold    . . .     Faith    .   (no shield)
rNeg     . . .     Spirit   .   b - +2 chain mail "Awomoaw" {Harm Regen+ Int+4 Stlth+}
rPois    .         Reflect  .   (no helmet)
rElec    .         Harm     +   o - scarf {repulsion}
rCorr    .         Rampage  .   (no gloves)
Will     +....                  (no barding)
Stlth    ..........             (no amulet)
HPRegen  1.25/turn              q - ring of willpower
MPRegen  0.12/turn              l - +4 ring of protection

@: repel missiles, curled up
A: large, rugged brown scales 3, see invisible, deformed body, roll 1, armoured
tail, reflexive curl
a: Rolling Charge, Renounce Religion, Berserk, Trog's Hand, Brothers in Arms


You were in a bailey.
You worshipped Trog.
Trog was greatly pleased with you.
You visited 1 branch of the dungeon, and saw 7 of its levels.
You also visited: Sewer and Bailey.

You collected 305 gold pieces.
You spent 110 gold pieces at shops.

Inventory:

Hand Weapons
 t - a +0 flail (weapon)
Armour
 b - the +2 chain mail "Awomoaw" (worn) {Harm Regen+ Int+4 Stlth+}
   (You found it on level 6 of the Dungeon)

   Int:       It affects your intelligence (+4).
   Regen:     It increases your rate of health regeneration.
   Harm:      It increases damage dealt and taken.
   Stlth:     It makes you more stealthy.
 h - a +0 chain mail
 o - a scarf of repulsion (worn)
 w - a +0 kite shield
 x - a +0 cloak
Jewellery
 i - a ring of protection from cold
 l - a +4 ring of protection (right hand)
 q - a ring of willpower (left hand)
Wands
 s - a wand of paralysis (7)
Scrolls
 c - 3 scrolls of enchant weapon
 j - 5 scrolls of enchant armour
 k - 6 scrolls of teleportation
 m - 2 scrolls of immolation
 n - a scroll of fear
Potions
 a - a potion of haste
 d - a potion of might
 e - 2 potions of lignification
 g - 2 potions of curing
 p - a potion of heal wounds
 u - a potion of mutation


   Skills:
 + Level 11.0 Fighting
 + Level 11.0 Maces & Flails
 - Level 1.5 Armour
 - Level 1.5 Dodging


You had 9 spell levels left.
You didn't know any spells.
Your spell library was empty.

Dungeon Overview and Level Annotations

Branches:
Dungeon (7/15)             Temple (0/1) D:5           Sewer (visited)
 Bailey (1/1)

Altars:
Ashenzari
Cheibriados
Elyvilon
Fedhas
Kikubaaqudgha
Makhleb
Nemelex Xobeh
Okawaru
Yredelemnul
The Shining One

Shops:
D:6 ?*


Innate Abilities, Weirdness & Mutations

You are completely covered in rugged brown scales. (AC +3, +7% HP)
You have supernaturally acute eyesight. (SInv)
Armour fits poorly on your strangely shaped body.
You can roll at nearby foes to attack.
You have a long armoured tail.
You curl defensively after being hit.


Message History

The orc knight roars a battlecry!
The orc knights go into a battle-frenzy!
The orc knight roars a battlecry!
The orc knight goes into a battle-frenzy!
There is an open door here.
As you read the scroll labelled QUNGYRY ENAN, it crumbles to dust.
You speak a Word of immense power!
It was a scroll of holy word.
Okay, then.
Unknown command.
The orc knight hits you from afar with a +0 glaive!!!
The orc knight hits you from afar with a +0 glaive!
There is an open door here.
There are monsters nearby!
Items here: $ ) [ †.
You start resting.
HP restored.
Unknown command.
Unknown command.
Items here: $ ) [ ÷.
The orc knight roars a battlecry!
The orc knights go into a battle-frenzy!
There is an open door here.
Aiming: Paralyse
Press: ? - help, Shift-Dir - straight line, f - orc knight
Aim: an orc knight, wielding a +0 glaive and wearing a +0 chain mail (strong, chance to affect: 28%)
Okay, then.
Unknown command.
Unknown command.
Okay, then.
Unknown command.
The orc knight barely misses you.
The orc knight hits you from afar with a +0 glaive!
You fail to use your ability.
The orc knight roars a battlecry!
The orc knight goes into a battle-frenzy!
The orc knight hits you from afar with a +0 glaive!!!
Ouch! That really hurt!
* * * LOW HITPOINT WARNING * * *
The orc knight hits you from afar with a +0 glaive!!
You die...

######## ###+#############.≈.#
##.$$$.##§§.......##.....##.≈.#
.## ..§§≈≈≈≈≈..#'.?.##..≈.#
..## .§≈§....≈≈..##.##..≈≈.#
≈..# ≈≈...⌠...§§..#'#..≈≈.##
≈..# ≈≈..⌠∩⌠.o≈§§.#'#..≈≈.∩#
..## §≈≈...oo≈§..##.##..≈≈.#
.## ..§≈≈≈≈≈§§§##...##..≈.# ##
#.......@.##.....##.≈.#
#############+###'#########.≈.#
.......).##.....##).........≈.#
≈≈≈≈≈≈≈≈..##.∩.##..≈≈≈≈≈≈≈≈≈≈.#
.......≈≈..## ##..≈≈..........#
######..≈≈).###..≈≈..##########
##..≈≈)....≈≈..##
##..≈≈≈≈≈≈≈..## ##.........##


You could see 3 orc knights.

Vanquished Creatures
  Pikel (D:7)
  A centaur zombie (D:7)
  2 hellwings
  A redback zombie (D:7)
  A meliai zombie (D:7)
  Grum (D:6)
  2 steam dragons (D:6)
  A water moccasin (D:7)
  A black bear (D:4)
  An ice beast (D:3)
  2 orc warriors (Bailey)
  Purgy (Sewer)
  2 centaurs
  4 lemures (D:6)
  A kobold brigand (Sewer)
  A bullfrog (D:4)
  3 scorpions
  3 gnoll sergeants (D:6)
  A water moccasin zombie (D:5)
  A water moccasin skeleton (D:4)
  4 wights
  An electric eel (D:6)
  4 bullfrog zombies
  A jelly (D:4)
  A bullfrog skeleton (D:5)
  13 hounds
  A gnoll shaman (D:6)
  2 orc priests
  An iguana (D:6)
  An orc wizard (D:5)
  A killer bee zombie (D:6)
  22 gnolls
  9 adders
  2 shadow imps (D:7)
  A white imp (D:7)
  2 ufetubi (D:5)
  A worm (D:2)
  21 orcs
  7 ball pythons
  8 bats
  7 endoplasms
  3 giant cockroaches
  11 goblins
  7 hobgoblins
  9 jackals
  6 frilled lizards
  8 kobolds
  2 rats
187 creatures vanquished.

Vanquished Creatures (others)
  A gnoll sergeant (D:6)
  An orc priest (D:6)
  An iron imp (D:6)
  An orc wizard (D:6)
  2 orcs (D:6)
  8 withered plants (D:7)
14 creatures vanquished.

Grand Total: 201 creatures vanquished

Notes
Turn   | Place    | Note
-------+----------+-------------------------------------------
     0 | D:1      | nyamberluvr69 the Palentonga Berserker began the quest for
                  | the Orb.
     0 | D:1      | Reached XP level 1. HP: 19/19 MP: 1/1
   114 | D:1      | Reached XP level 2. HP: 25/25 MP: 2/2
   568 | D:1      | Reached ** piety under Trog
   569 | D:1      | Reached XP level 3. HP: 24/31 MP: 3/3
   689 | D:1      | Found a faded altar of an unknown god.
  1233 | D:2      | Reached XP level 4. HP: 30/39 MP: 4/4
  1442 | D:2      | Found an ancient bone altar of Kikubaaqudgha.
  2278 | D:2      | Reached XP level 5. HP: 44/46 MP: 5/5
  2778 | D:3      | You fall into a shaft and drop 1 floor!
  2815 | D:4      | Reached skill level 5 in Fighting
  2815 | D:4      | Reached skill level 5 in Maces & Flails
  3063 | D:4      | Reached XP level 6. HP: 54/54 MP: 6/6
  3076 | D:4      | Noticed an ice beast
  3087 | D:3      | Found a glowing golden altar of the Shining One.
  3098 | D:3      | Killed an ice beast
  3991 | D:4      | Gained mutation: You curl defensively after being hit.
                  | [Palentonga growth]
  3991 | D:4      | Reached XP level 7. HP: 35/62 MP: 7/7
  4382 | D:4      | Found a blossoming altar of Fedhas.
  4572 | D:5      | Entered Level 5 of the Dungeon
  4926 | D:5      | Found a staircase to the Ecumenical Temple.
  5134 | D:5      | Found a burning altar of Makhleb.
  5138 | D:5      | Found a basalt altar of Yredelemnul.
  5142 | D:5      | Found a broken altar of Ashenzari.
  5174 | D:5      | Found a glowing drain.
  5188 | D:5      | Reached *** piety under Trog
  5227 | Sewer    | Entered a sewer
  5369 | Sewer    | Noticed Purgy
  5381 | Sewer    | Killed Purgy
  5382 | Sewer    | Reached XP level 8. HP: 71/71 MP: 8/8
  5823 | D:6      | Found Litzurui's Overcharged Wands.
  7327 | D:6      | Found an iron altar of Okawaru.
  7842 | D:6      | Reached XP level 9. HP: 73/80 MP: 9/9
  8020 | D:6      | Found a snail-covered altar of Cheibriados.
  8346 | D:6      | Found a sparkling altar of Nemelex Xobeh.
  8402 | D:6      | Noticed Grum
  8412 | D:6      | Killed Grum
  8830 | D:6      | Found Quobruw's Magic Scroll Shoppe.
  8834 | D:6      | Bought a scroll of identify for 22 gold pieces
  8834 | D:6      | Bought a scroll of identify for 22 gold pieces
  8834 | D:6      | Bought 2 scrolls of identify for 44 gold pieces
  8834 | D:6      | Bought a scroll of identify for 22 gold pieces
  8882 | D:6      | Found a white marble altar of Elyvilon.
  8986 | D:6      | Identified the +2 chain mail "Awomoaw" {Harm Regen+ Int+4
                  | Stlth+}
  9010 | D:7      | Noticed Pikel
  9037 | D:6      | Reached **** piety under Trog
  9095 | D:7      | Killed Pikel
  9098 | D:7      | Reached skill level 10 in Fighting
  9098 | D:7      | Reached skill level 10 in Maces & Flails
  9176 | D:7      | Noticed a hellwing
  9176 | D:7      | Noticed a hellwing
  9193 | D:7      | Killed a hellwing
  9199 | D:7      | Reached XP level 10. HP: 92/92 MP: 10/10
  9300 | D:7      | Found a flagged portal.
  9337 | Bailey   | Entered a bailey
  9597 | Bailey   | Noticed an orc knight
  9597 | Bailey   | Noticed an orc knight
  9597 | Bailey   | Noticed an orc knight
  9738 | Bailey   | HP: 6/139 [orc warrior (2)]
  9977 | Bailey   | Mangled by an orc knight

Illustrated notes

Levels and vault maps discovered:
D:1:      dpeg_arrival_tiny_f, layout_basic, dilly_ecumenical_altar_fadedgnrine,
          minivault_24, minmay_crystal_room
D:2:      layout_loops_ring, basic_altar
D:3:      layout_basic, nicolae_tso_carved_into_rock
D:4:      layout_basic, mainiacjoe_overflow_boulevard
D:5:      layout_loops_ring, minmay_overflow_temple_star_quad,
          lemuel_temple_firewalk_b, gup_sewer_entry_glass
D:6:      layout_cave_pools, slow_altar_1, amcnicky_altar_gilded,
          mainiacjoe_overflow_brackets, nemelex_spade_bored_becter,
          serial_gnoll_camp, gnoll_camp_mini_sergeant, grums_kennel,
          gnoll_camp_huts_moat, gnoll_camp_mini_house, gnoll_camp_mini_shop,
          nicolae_shop_overcharged_wands
D:7:      cheibrodos_grave_circle, layout_rooms, mainiacjoe_overflow_catwalk,
          enter_bailey_5, uniq_crazy_yiuf_cottage, uniq_pikel
Bailey:   bailey_polearm_1, bailey

Skill      XL: |  1  2  3  4  5  6  7  8  9 10 |
---------------+-------------------------------+-----
Fighting       | 4 5 6 7 8 10 11 | 11.0
Maces & Flails | 4 5 6 7 8 10 11 | 11.0
Armour         | |  1.5
Dodging        | |  1.5

Action                   |  1- 3 |  4- 6 |  7- 9 | 10-12 || total
-------------------------+-------+-------+-------+-------++-------
Melee: Mace              |    66 |   168 |     8 |       ||   242
       Tailslap          |     7 |    20 |    37 |    11 ||    75
       Flail             |       |       |   323 |    75 ||   398
Invok: Berserk           |     1 |     5 |    15 |     2 ||    23
       Trog's Hand       |       |     1 |     1 |       ||     2
       Brothers in Arms  |       |       |     1 |     1 ||     2
 Abil: Rolling Charge    |    14 |     9 |     4 |       ||    27
Evoke: Wand              |       |       |       |    11 ||    11
  Use: Scroll            |       |       |    14 |     2 ||    16
       Potion            |       |       |       |     1 ||     1
Armor: Animal skin       |    40 |    14 |       |       ||    54
       Chain mail        |       |   103 |   245 |   129 ||   477
Dodge: Dodged            |    50 |    41 |   124 |    45 ||   260

Table legend: (Time is in decaauts)
 A = Elapsed time spent in this place.
 B = Non-inter-level travel time spent in this place.
 C = Inter-level travel time spent in this place.
 D = Time resting spent in this place.
 E = Time spent auto-exploring this place.
 F = Levels seen in this place.
 G = Mean time per level.
                   A        B        C        D        E       F      G
               +--------+--------+--------+--------+--------+-----+--------+
         Total |  10216 |   9821 |    395 |   3366 |   4702 |   9 | 1135.1 |
       Dungeon |   9319 |   8924 |    395 |   3049 |   4477 |   7 | 1331.3 |
         Sewer |    249 |    249 |      0 |     57 |    123 |   1 |  249.0 |
        Bailey |    647 |    647 |      0 |    260 |    102 |   1 |  647.0 |
               +--------+--------+--------+--------+--------+-----+--------+

Top non-repeatable levels by time:
     D:6: 2567 daAuts
     D:5: 1932 daAuts
     D:2: 1501 daAuts
     D:4: 1228 daAuts
     D:1: 1031 daAuts
     D:3: 904 daAuts
  Bailey: 647 daAuts
   Sewer: 249 daAuts
     D:7: 154 daAuts
